Map: Data-C

Players

soO

  • Race: Zerg Zerg
  • Spawn Location: 3:00

Reynor - Winner!

  • Race: Zerg Zerg
  • League: Master
  • Spawn Location: 9:00

Event: HomeStory Cup XXII

VOD

Have the link to the VOD?

Description

Time

  • Played on: Dec. 16, 2022, 10:25 a.m.
  • Length: 15:54

All games in this series

Show
View Real Time Build Order
Export as new Build Order

soO Zerg 

Build Orders: Hatch First, Roach Hydra 

Get SALT Encoding   

  12  0:00  Drone  
  13  0:12  Overlord  
  13  0:16  Drone  
  14  0:30  Drone x2  
  16  0:48  Hatchery  
  15  0:51  Drone  
  15  0:54  Drone  
  17  0:58  Drone  
  18  1:09  Extractor  
  17  1:13  Spawning Pool  
  17  1:16  Drone  
  17  1:20  Drone  
  18  1:28  Drone  
  19  1:38  Drone  
  20  1:50  Overlord  
  20  2:00  Queen x2  
  20  2:01  Zergling x2, Drone  
  26  2:10  Drone x2  
  26  2:12  Metabolic Boost  
  28  2:22  Drone  
  29  2:23  Drone  
  30  2:35  Hatchery  
  29  2:40  Zergling x2  
  29  2:41  Drone  
  31  2:45  Overlord  
  31  2:48  Drone  
  32  2:53  Baneling Nest  
  32  2:57  Drone  
  32  2:59  Overlord  
  32  3:04  Drone x2  
  34  3:08  Drone x2  
  34  3:12  Drone  
  37  3:16  Queen  
  37  3:18  Drone  
  40  3:24  Drone  
  41  3:28  Evolution Chamber  
  41  3:29  Zergling x4  
  41  3:30  Zergling x2  
  43  3:37  Drone  
  44  3:42  Drone x3  
  44  3:47  Zergling x6  
  50  3:51  Zergling x6  
  50  3:53  Baneling x2  
  53  3:57  Overlord  
  53  4:02  Roach Warren  
  52  4:03  Baneling x2  
  52  4:09  Drone  
  53  4:10  Zerg Missile Weapons Level 1  
  53  4:12  Extractor  
  53  4:13  Drone x3  
  55  4:17  Drone x2  
  56  4:28  Spine Crawler  
  55  4:32  Drone, Overlord  
  56  4:40  Drone  
  56  4:41  Drone  
  56  4:42  Drone, Overlord  
  56  4:44  Drone x2  
  61  4:46  Drone  
  61  4:47  Drone  
  61  4:49  Drone x3  
  61  4:50  Overlord  
  61  4:52  Drone x2  
  68  4:57  Drone  
  68  4:59  Drone  
  70  5:00  Overlord  
  70  5:05  Overlord  
  70  5:06  Lair  
  70  5:09  Drone x3  
  70  5:10  Drone  
  70  5:12  Extractor  
  70  5:13  Roach, Extractor  
  74  5:15  Roach  
  74  5:18  Roach x2  
  80  5:26  Drone x2  
  80  5:27  Drone  
  82  5:30  Roach x2, Extractor  
  82  5:31  Roach x2, Extractor  
  88  5:37  Roach x2  
  92  5:43  Roach  
  92  5:44  Roach  
  92  5:46  Drone x3  
  92  5:47  Drone  
  101  5:50  Drone  
  101  5:51  Drone  
  102  5:58  Drone  
  102  5:59  Drone x2  
  102  6:03  Overlord  
  105  6:04  Glial Reconstitution  
  105  6:05  Zerg Missile Weapons Level 2  
  105  6:08  Overseer  
  105  6:10  Pneumatized Carapace  
  105  6:12  Hatchery  
  105  6:14  Drone  
  105  6:15  Overlord x2  
  105  6:19  Overseer  
  105  6:21  Overlord  
  105  6:25  Drone  
  105  6:27  Evolution Chamber  
  105  6:28  Roach x3  
  105  6:29  Roach  
  113  6:33  Overlord  
  113  6:34  Roach  
  113  6:36  Roach  
  113  6:37  Roach  
  119  6:45  Drone  
  119  6:46  Hydralisk Den  
  119  6:49  Roach x3  
  119  6:51  Overlord  
  125  6:56  Drone  
  125  6:57  Zerg Ground Armor Level 1  
  126  7:04  Drone  
  126  7:05  Roach x5  
  126  7:06  Roach  
  139  7:12  Roach x5  
  147  7:16  Ravager x3  
  147  7:17  Roach x2  
  154  7:24  Roach x2  
  154  7:25  Overlord  
  154  7:26  Overlord  
  154  7:29  Overlord  
  156  7:33  Overlord  
  156  7:34  Roach  
  156  7:35  Ravager  
  158  7:44  Roach x6  
  158  7:45  Roach  
  158  7:50  Roach x2  
  173  7:52  Roach x3  
  173  7:53  Roach  
  173  7:56  Roach  
  173  7:58  Roach x2  
  183  8:01  Roach  
  178  8:06  Grooved Spines  
  178  8:07  Hydralisk x2  
  182  8:14  Spore Crawler  
  182  8:19  Hydralisk  
  176  8:20  Hydralisk x2  
  176  8:22  Spore Crawler x2  
  172  8:31  Drone  
  172  8:37  Hydralisk x3  
  172  8:41  Hatchery  
  177  8:46  Overlord  
  178  8:50  Overlord  
  178  8:51  Overlord  
  178  8:52  Overlord  
  178  8:54  Ravager  
  178  9:00  Roach x6  
  162  9:03  Roach  
  162  9:06  Roach  
  140  9:12  Queen x2  
  138  9:17  Muscular Augments  
  138  9:19  Hydralisk x3  
  138  9:20  Hydralisk x2  
  148  9:26  Ravager  
  148  9:27  Ravager x2  
  148  9:28  Ravager  
  152  9:33  Hatchery  
  151  9:38  Roach  
  151  9:39  Roach x5  
  163  9:47  Roach x5  
  167  9:56  Roach x2  
  171  10:04  Roach x3  
  177  10:12  Roach x4  
  185  10:19  Roach x2  
  185  10:26  Roach x2  
  185  10:27  Roach x3  
  189  10:37  Roach x2  
  189  10:42  Roach x2  
  193  10:44  Roach x2  
  193  10:47  Roach x2  
  191  10:54  Roach x5  
  192  11:00  Roach x3  
  192  11:03  Overlord  
  194  11:05  Roach x2  
  194  11:09  Roach x2  
  194  11:10  Roach x2  
  186  11:12  Roach  
  190  11:18  Roach x3  
  190  11:19  Roach  
  194  11:26  Ravager x2  
  193  11:33  Roach x3  
  195  11:48  Hatchery  
  195  11:50  Roach x6  
  192  11:56  Hydralisk x3  
  192  11:57  Roach x2  
  196  12:02  Hydralisk x2  
  198  12:15  Roach x3  
  200  12:18  Roach  
  200  12:19  Roach  
  200  12:20  Roach x3  
  197  12:24  Roach x4  
  197  12:26  Roach x2  
  183  12:31  Roach  
  183  12:32  Roach  
  183  12:33  Roach x2  
  183  12:35  Hydralisk  
  183  12:36  Hydralisk  
  146  12:47  Roach x2  
  146  12:50  Roach x4  
  146  12:51  Roach  
  152  12:59  Ravager x2  
  152  13:00  Ravager  
  152  13:05  Ravager  
  156  13:08  Roach x2  
  156  13:10  Roach  
  156  13:11  Roach x3  
  168  13:18  Roach x3  
  167  13:31  Overseer  
  167  13:33  Roach x6  
  179  13:40  Roach x3  
  183  13:44  Roach  
  183  13:46  Roach x2  
  142  13:57  Roach x4  
  142  14:07  Roach  
  142  14:08  Roach x2  
  148  14:15  Drone  
  148  14:16  Drone x2  
  147  14:21  Ravager  
  147  14:23  Drone x2  
  150  14:26  Ravager  
  150  14:27  Ravager  
  152  14:31  Ravager  
  152  14:32  Roach x4  
  158  14:42  Roach x3  
  161  14:50  Roach x2  
  160  14:59  Roach  
  159  15:00  Roach  
  158  15:12  Roach x3  
  156  15:25  Ravager x2  
  153  15:32  Roach x3  
Show
View Real Time Build Order
Export as new Build Order

Reynor Zerg - Winner!

Build Orders: Hatch First 

Get SALT Encoding   

  12  0:00  Drone  
  13  0:11  Overlord  
  13  0:16  Drone  
  14  0:30  Drone x2  
  16  0:47  Hatchery  
  15  0:51  Drone  
  15  0:54  Drone  
  17  0:57  Drone  
  18  1:12  Spawning Pool  
  18  1:15  Drone  
  18  1:17  Extractor  
  17  1:20  Drone  
  18  1:27  Drone  
  19  1:38  Drone  
  20  1:49  Overlord  
  20  1:59  Queen x2, Drone x2  
  26  2:10  Zergling x2  
  26  2:11  Drone  
  28  2:20  Drone  
  28  2:21  Drone  
  30  2:29  Hatchery  
  29  2:31  Drone  
  29  2:32  Drone  
  31  2:42  Drone x2  
  33  2:46  Baneling Nest  
  33  2:49  Queen  
  34  2:54  Overlord  
  34  2:56  Drone  
  35  3:03  Drone  
  36  3:08  Overlord  
  36  3:14  Zergling x2  
  36  3:15  Drone x3  
  40  3:22  Roach Warren  
  40  3:25  Overlord  
  39  3:28  Drone  
  39  3:30  Baneling  
  39  3:31  Baneling  
  40  3:35  Drone x2  
  42  3:43  Overlord  
  42  3:46  Drone x2  
  44  3:58  Evolution Chamber  
  44  4:02  Roach x6  
  55  4:03  Drone  
  55  4:04  Drone x2  
  55  4:05  Extractor  
  55  4:09  Drone  
  58  4:11  Roach x2  
  58  4:13  Drone x2  
  58  4:16  Overlord  
  64  4:17  Drone  
  64  4:23  Drone  
  64  4:24  Baneling, Drone x2  
  68  4:26  Drone x2  
  68  4:28  Drone  
  71  4:38  Drone x3, Zerg Missile Weapons Level 1  
  74  4:39  Overlord  
  74  4:44  Drone  
  74  4:45  Drone x2  
  77  4:46  Overlord  
  77  4:49  Drone x2  
  77  4:50  Extractor  
  77  4:51  Drone  
  77  4:52  Drone  
  80  4:54  Drone  
  80  4:58  Lair  
  80  4:59  Drone  
  82  5:01  Drone  
  82  5:04  Drone x2  
  82  5:05  Drone x2  
  87  5:10  Overlord  
  87  5:11  Drone  
  88  5:15  Drone  
  88  5:16  Drone x3, Extractor  
  88  5:17  Extractor  
  88  5:19  Roach, Extractor  
  91  5:21  Drone x2  
  91  5:26  Roach x2  
  96  5:31  Roach  
  96  5:34  Drone x2  
  100  5:36  Overlord  
  100  5:38  Roach, Hatchery  
  105  5:42  Roach  
  105  5:43  Roach  
  105  5:49  Overlord  
  105  5:52  Overlord  
  106  6:00  Roach x4  
  106  6:03  Overlord  
  106  6:04  Overseer  
  113  6:06  Glial Reconstitution  
  113  6:08  Drone, Hatchery  
  113  6:09  Spire, Roach x2  
  113  6:10  Overlord  
  116  6:18  Roach x4  
  128  6:25  Roach x2  
  128  6:26  Roach x3  
  128  6:27  Overlord  
  128  6:32  Roach x2  
  138  6:33  Roach  
  138  6:36  Zerg Missile Weapons Level 2  
  140  6:46  Roach x6  
  152  6:49  Overlord  
  152  6:54  Drone  
  152  6:59  Overlord  
  153  7:03  Overseer  
  153  7:05  Overlord  
  153  7:08  Drone x5  
  157  7:10  Roach  
  157  7:12  Overlord  
  160  7:19  Queen  
  160  7:22  Mutalisk x6  
  162  7:27  Drone x3  
  162  7:29  Extractor  
  176  7:31  Overlord  
  176  7:33  Roach x4  
  176  7:36  Roach  
  186  7:38  Overlord  
  182  7:47  Roach x5  
  182  7:48  Overlord  
  182  7:50  Roach  
  196  7:51  Roach  
  196  7:55  Roach x2  
  196  7:58  Queen  
  190  8:01  Roach x3  
  190  8:04  Roach x2  
  188  8:13  Roach x6  
  188  8:18  Roach x2  
  188  8:23  Drone x2  
  188  8:25  Roach  
  190  8:31  Ravager x2  
  190  8:32  Ravager x2  
  188  8:35  Roach x5  
  188  8:40  Ravager x2  
  200  8:52  Zerg Ground Armor Level 1  
  200  8:54  Roach  
  200  9:00  Mutalisk  
  200  9:01  Roach x8  
  200  9:02  Roach  
  181  9:06  Roach x3  
  181  9:08  Drone x2  
  159  9:13  Roach x2  
  159  9:17  Roach x2  
  159  9:21  Drone  
  159  9:23  Drone x2  
  158  9:26  Roach x3  
  158  9:29  Drone x3  
  167  9:32  Ravager x2  
  167  9:33  Roach x2  
  167  9:37  Roach x2  
  177  9:44  Roach x4  
  185  9:52  Roach x5  
  191  9:59  Roach x4  
  199  10:07  Roach x3  
  199  10:10  Ravager  
  198  10:23  Roach, Hatchery  
  198  10:27  Tunneling Claws, Burrow  
  191  10:42  Roach x6  
  199  10:48  Roach x5  
  193  10:51  Roach  
  193  10:52  Roach x7  
  193  10:56  Roach x3  
  200  10:57  Roach  
  196  11:08  Roach x4  
  193  11:12  Roach x4  
  193  11:13  Roach  
  199  11:21  Ravager  
  194  11:34  Roach x11  
  194  11:35  Roach  
  194  11:36  Zerg Ground Armor Level 2  
  196  11:50  Roach x5  
  178  12:02  Roach x5  
  178  12:03  Roach x7  
  200  12:11  Roach x3  
  200  12:13  Roach x2  
  200  12:20  Roach  
  196  12:26  Roach x6  
  196  12:29  Roach x5  
  198  12:32  Roach x6  
  198  12:36  Roach  
  187  12:39  Roach x5  
  187  12:41  Roach  
  174  12:44  Drone x2  
  174  12:46  Roach x3  
  174  12:48  Roach x2  
  174  12:49  Roach x2  
  182  12:51  Roach x3  
  182  12:52  Ravager x4  
  182  12:55  Roach x9  
  190  13:08  Roach x4  
  198  13:13  Ravager x2  
  198  13:14  Roach x7  
  198  13:15  Hatchery  
  198  13:16  Roach x11  
  199  13:22  Roach  
  199  13:28  Roach x11  
  197  13:37  Overlord  
  193  13:43  Roach x2  
  172  13:50  Roach x3  
  172  13:52  Roach x13  
  172  13:53  Roach x5  
  172  13:54  Overlord  
  188  13:57  Roach x4  
  182  14:03  Roach  
  182  14:04  Roach x11  
  182  14:08  Roach x4  
  188  14:14  Roach x5  
  188  14:15  Roach x3  
  188  14:16  Roach x3  
  192  14:17  Roach  
  192  14:21  Roach  
  192  14:22  Roach x2  
  196  14:25  Roach x2  
  200  14:35  Roach x4  
  200  14:39  Roach x4  
  194  15:05  Roach x4  
  194  15:06  Roach x12  
  200  15:08  Infestation Pit  
  195  15:15  Roach x3  
  195  15:20  Roach x6  
  189  15:30  Roach x5  
Tags
 
Composition
Roach Hydra
League
Master
Matchup
ZvZ
Player
ReynorsoO
Race
Zerg
Replay Pack
hsc22
Spawn Locations
Cross Positions
Add a new tag
Caveats
  • Supply blocks, unpowered buildings, or Contaminate may cause inaccurate times.
  • Supply counts are checked every 10 seconds.